 Dungeon Crawl Stone Soup version 0.30-a0-800-g7c544603b3 (webtiles) character file.

Game seed: 2384654354529981363

86 Juicyj the Cutter (level 4, -1/34 HPs)
             Began as a Vampire Gladiator on Feb 21, 2023.
             Slain by an orc
             ... wielding a +0 hand axe
              (2 damage)
             ... on level 3 of the Dungeon.
             The game lasted 00:02:58 (1823 turns).

Juicyj the Cutter (Vampire Gladiator)               Turns: 1823, Time: 00:02:58

Health: -1/34      AC:  4    Str: 15    XL:     4   Next: 27%
Magic:  4/4        EV: 13    Int: 10    God:
Gold:   106        SH:  0    Dex: 15    Spells: 3/3 levels left

rFire   . . .      SeeInvis +    a - +0 rapier
rCold   . . .      Faith    .    (no shield)
rNeg    . . .      Spirit   .    b - +0 leather armour
rPois   .          Reflect  .    c - +0 helmet
rElec   .          Harm     .    (no cloak)
rCorr   .          Rampage  .    (no gloves)
Will    .....                    (no boots)
Stlth   +                        (no amulet)
HPRegen 0.45/turn                (no ring)
MPRegen 0.09/turn                (no ring)

@: healing quickly
A: alive, fangs 3, see invisible, vampiric 2
a: Exsanguinate


You were on level 3 of the Dungeon.
You visited 1 branch of the dungeon, and saw 3 of its levels.

You collected 106 gold pieces.

Inventory:

Hand Weapons
 a - a +0 rapier (weapon)
Armour
 b - a +0 leather armour (worn)
 c - a +0 helmet (worn)
Jewellery
 k - an amulet of regeneration
Scrolls
 i - a scroll of teleportation
Potions
 f - a potion of might


   Skills:
 + Level 2.5 Fighting
 + Level 4.0 Short Blades
 + Level 2.3 Throwing
 + Level 3.9 Dodging


You had 3 spell levels left.
You didn't know any spells.
Your spell library was empty.

Dungeon Overview and Level Annotations

Branches:
Dungeon (3/15)

Altars:

Shops:
D:1 ?


Innate Abilities, Weirdness & Mutations

Your natural rate of healing is accelerated.
You have razor-sharp teeth.
You have supernaturally acute eyesight. (SInv)
You are afflicted with vampirism and can become a bat while bloodless.


Message History

The orc hits you but does no damage.
You hit the orc priest but do no damage.
You bite the orc priest.
The orc priest is heavily wounded.
The orc hits you with a +0 short sword. The orc barely misses you.
The orc priest hits you but does no damage.
You hit the orc priest but do no damage.
The orc priest is heavily wounded.
The orc priest hits you with a +0 club. The orc closely misses you.
The orc misses you.
You hit the orc priest but do no damage.
You punch the orc priest, but do no damage.
You bite the orc priest.
The orc priest is heavily wounded.
The orc hits you with a +0 short sword. The orc hits you with a +0 hand axe.
The orc priest hits you with a +0 club.
You hit the orc priest.
The orc priest is heavily wounded.
The orc misses you. The orc closely misses you.
The orc priest calls down the wrath of Beogh upon you.
Beogh smites you!
* * * LOW HITPOINT WARNING * * *
You are too injured to fight recklessly!
You are too injured to fight recklessly!
You feel better.
The orc priest hits you but does no damage.
The orc misses you. The orc hits you with a +0 hand axe.
* * * LOW HITPOINT WARNING * * *
The orc attacks as you move away! The orc hits you with a +0 hand axe.
* * * LOW HITPOINT WARNING * * *
The orc attacks as you move away! The orc hits you with a +0 hand axe.
* * * LOW HITPOINT WARNING * * *
The orc attacks as you move away! The orc barely misses you.
The orc priest drinks a potion.
The orc priest is healed!
You hit the orc.
The orc is moderately wounded.
The orc hits you with a +0 short sword.
* * * LOW HITPOINT WARNING * * *
The orc hits you with a +0 hand axe.
You die...

* **+** *,#..,,,* *,,,,,,,
**,,,***,#..##** *,,**,*,
**,,,,,**,,...## *,,**,*,
**,<,,,,,*,##...## *,,**,,,
***,,,,,,,,,##.....#####**,,**,,,
,,+,,,,,,,,,#...........,,,,,,,,,
***,,,,,,,,,*#...o.#******,,**,,,
**,,,,,,,#.##oo.## *,,,,,^,
**,,,,,**#...@## **,,,,,,
**,,,***####.# *,,,,,,,
*,+,,,,,**#.# *,****,*
*,,,,*,,,*#.# *,* **,*
**,,,***,,,#.# *,* *,,*
*,,,,,,,,,,..# *,***,**
*,,*,,,,,*,..# *,,,,,,,
*****,**,,_,,**..# *,,**,**
,,,,*,,*,,,,,*,,,* *,,,,,,,


You could see an orc priest and 2 orcs.

Vanquished Creatures
  An orc wizard (D:3)
  An adder (D:2)
  A worm (D:2)
  A dart slug (D:1)
  5 orcs (D:3)
  2 giant cockroaches (D:1)
  4 goblins
  4 hobgoblins
  3 jackals (D:2)
  A kobold (D:1)
  2 quokkas
  4 ball pythons
  7 bats
  A frilled lizard (D:1)
  5 rats (D:2)
42 creatures vanquished.

Notes
Turn   | Place    | Note
-------+----------+-------------------------------------------
     0 | D:1      | Juicyj the Vampire Gladiator began the quest for the Orb.
     0 | D:1      | Reached XP level 1. HP: 16/16 MP: 1/1
   257 | D:1      | Found Yddett's Magic Scroll Emporium.
   277 | D:1      | Reached XP level 2. HP: 22/22 MP: 2/2
   950 | D:2      | Gained mutation: You are afflicted with vampirism and can
                  | become a bat while bloodless. [Vampire growth]
   950 | D:2      | Reached XP level 3. HP: 27/27 MP: 3/3
  1634 | D:3      | Reached skill level 4 in Short Blades
  1634 | D:3      | Reached XP level 4. HP: 15/34 MP: 4/4
  1823 | D:3      | HP: 1/34 [orc/+0 short sword (4)]
  1823 | D:3      | Slain by an orc

Illustrated notes

Levels and vault maps discovered:
D:1:      eino_arrival_water_cross, layout_basic, serial_shops, shop
D:2:      layout_loops_ring
D:3:      layout_loops_corners, okawaru_ov_weapons_minmay

Skill      XL: |  1  2  3 |
---------------+----------+-----
Fighting       | 2 |  2.5
Throwing       | 2 |  2.3
Short Blades   | 4 |  4.0
Dodging        | |  3.9

Action                     |  1- 3 |  4- 6 || total
---------------------------+-------+-------++-------
  Melee: Rapier            |   112 |    22 ||   134
         Bite              |     9 |     4 ||    13
         Punch             |       |     1 ||     1
  Throw: Throwing net      |     8 |       ||     8
         Javelin           |     3 |       ||     3
    Use: Scroll            |     1 |     4 ||     5
         Potion            |       |     3 ||     3
   Stab: Sleeping          |     1 |       ||     1
 Armour: Leather armour    |    42 |     7 ||    49
  Dodge: Dodged            |    72 |    23 ||    95

Table legend: (Time is in decaauts)
 A = Elapsed time spent in this place.
 B = Non-inter-level travel time spent in this place.
 C = Inter-level travel time spent in this place.
 D = Time resting spent in this place.
 E = Time spent auto-exploring this place.
 F = Levels seen in this place.
 G = Mean time per level.
                   A        B        C        D        E       F      G
               +--------+--------+--------+--------+--------+-----+--------+
         Total |   1825 |   1696 |    129 |    159 |   1227 |   3 |  608.3 |
       Dungeon |   1825 |   1696 |    129 |    159 |   1227 |   3 |  608.3 |
               +--------+--------+--------+--------+--------+-----+--------+

Top non-repeatable levels by time:
     D:1: 832 daAuts
     D:2: 732 daAuts
     D:3: 260 daAuts
